 Dungeon Crawl Stone Soup version 0.28.0-45-g0d030f2227 (webtiles) character file.

Game seed: 11142801238268557260

49 zeratav the Insei (level 3, -1/23 HPs)
             Began as an Octopode Transmuter on Apr 7, 2022.
             Slain by a shadow imp (2 damage)
             ... on level 3 of the Dungeon.
             The game lasted 00:04:07 (1963 turns).

zeratav the Insei (Octopode Transmuter)             Turns: 1963, Time: 00:04:08

Health: -1/23      AC:  1    Str:  9    XL:     3   Next: 77%
Magic:  6/6        EV: 13    Int: 15    God:
Gold:   82         SH:  0    Dex: 14    Spells: 5/6 levels left

rFire   . . .      SeeInvis .   f - +3 short sword {short}
rCold   . . .      Faith    .   (no shield)
rNeg    . . .      Spirit   .   (helmet restricted)
rPois   .          Reflect  .   (no amulet)
rElec   .          Harm     .   (no ring)
rCorr   .          Rampage  .   (no ring)
Will    .....                   (no ring)
Stlth   +++.......              (no ring)
HPRegen 0.07/turn               (no ring)
MPRegen 0.10/turn               (no ring)
                                (no ring)
                                (no ring)

@: no status effects
A: almost no armour, amphibious, 8 rings, camouflage 1, gelatinous body 1,
(nimble swimmer 1), tentacles
a: no special abilities


You were on level 3 of the Dungeon.
You visited 1 branch of the dungeon, and saw 3 of its levels.

You collected 82 gold pieces.


Innate Abilities, Weirdness & Mutations

You cannot wear most types of armour.
You are amphibious.
You can wear up to eight rings at the same time.
Your skin changes colour to match your surroundings (Stealth+).
Your rubbery body absorbs attacks. (AC +1, EV +1)
((You are camouflaged when in or above water. (Stealth+)))
You have tentacles for arms and can constrict up to eight enemies at once.


   Skills:
 + Level 1.5 Fighting
 + Level 2.3 Dodging
 + Level 1.6 Stealth
 * Level 3.6 Unarmed Combat
 - Level 2.0 Spellcasting
 + Level 2.4 Transmutations


You had 5 spell levels left.
You knew the following spells:

 Your Spells              Type           Power      Damage    Failure   Level
a - Beastly Appendage     Tmut           16%        N/A       9%          1

Your spell library contained the following spells:

 Spells                   Type           Power      Damage    Failure   Level
 Wereblood                Tmut           8%         N/A       12%         2
 Apportation              Tloc           2%         N/A       22%         1
 Spider Form              Tmut/Pois      5%         N/A       38%         3
 Ice Form                 Ice/Tmut       5%         N/A       80%         4
 Alistair's Intoxication  Tmut/Pois      3%         N/A       98%         5

Inventory:

Hand Weapons
 f - a +3 short sword (weapon) {short}
   (You took it off a kobold on level 1 of the Dungeon)
Scrolls
 a - a scroll of magic mapping {unknown}
 c - a scroll of fear {unknown}
 h - 2 scrolls of identify {unknown}
Potions
 b - 2 potions of heal wounds {unknown}
 d - 2 potions of curing {unknown}
 e - a potion of haste {unknown}
 g - a potion of berserk rage {unknown}
 i - 3 potions of degeneration {unknown}

Dungeon Overview and Level Annotations

Branches:
Dungeon (3/15)

Altars:

...... #.....
#.##. ####'#
.h..#. ##...
#.# #.. ##....
#. ##.# #.##
##.....
##...######.#
#.###......
.......J...J#
#...'......
#......####5##
##.###......
......? ##@##
##.## ##.....
...###>
##.###.##
##.... .. #.
##...## ##...
. #. ##.##
##+# #. #.# ..
#.# #.# #(#
#..


You could see a shadow imp and an endoplasm.


Message History

The endoplasm quivers.
Your grab misses the hobgoblin. Your squeeze misses the hobgoblin.
The hobgoblin completely misses you.
You hit the hobgoblin. You grab the hobgoblin. You squeeze the hobgoblin.
You kill the hobgoblin!
The endoplasm misses you.
You hit the endoplasm. The endoplasm freezes you.
You are frozen.
HP[-5]
You take 5 damage, and now have 18/23 hp.
MASSIVE DAMAGE!! (PAUSE)
You hit the endoplasm.
You kill the endoplasm!
You start resting.
HP[+5]
Your hp is fully restored (23).
A frilled lizard comes into view.
Found a stone staircase leading down.
The helpless frilled lizard fails to defend itself.
You hit the frilled lizard.
You kill the frilled lizard!
You see here a frilled lizard corpse.
There is a stone staircase leading down here.
There is a stone staircase leading down here.
i - 3 black potions (gained 2)
A ball python comes into view.
One of your tentacles grows a vicious spike.
MP[-1]
You lost 1 mp, and now have 5/6 mp.
The helpless ball python fails to defend itself.
You hit the ball python.
You kill the ball python!
No target in view!
No target in view!
No target in view!
No target in view!
No target in view!
No target in view!
No target in view!
No target in view!
No target in view!
No target in view!
No target in view!
No target in view!
No target in view!
Your transformation is almost over.
Your tentacle spike disappears.
Done exploring.
MP[+1]
Your mp is fully restored (6).
Done exploring.
(D) Dungeon
Where to? (Enter - D:2, ? - help)
There is a stone staircase leading down here.
You climb downwards.
You hear the sound of rushing water.
There is an entrance to a sewer on this level.
Hurry and find it before the portal rusts away!
There is a stone staircase leading up here.
You open the door.
There is an open door here.
You open the door.
There is an open door here.
h - 2 scrolls labelled RUINOG LYEVAE (gained 1)
An endoplasm comes into view.
A shadow imp comes into view.
The shadow imp shouts, "Surrender, thou jarring hell-hated flap-bat!"
The shadow imp shouts, "Give up, thou puking dread-bolted scut!"
Found a scroll labelled SEPLAS GY LUMU.
Found a stone staircase leading down.
The shadow imp gestures at you. Pain shoots through your body!
HP[-9]
You take 9 damage, and now have 14/23 hp.
MASSIVE DAMAGE!! (PAUSE)
A black bear comes into view.
The shadow imp hits you.
HP[-1]
You take 1 damage, and now have 13/23 hp.
You hit the shadow imp. Your grab misses the shadow imp.
Your squeeze misses the shadow imp. The shadow imp gestures at you.
Pain shoots through your body!
* * * LOW HITPOINT WARNING * * *
HP[-4]
You take 4 damage, and now have 9/23 hp.
You hit the shadow imp. Your grab misses the shadow imp.
The shadow imp hits you.
* * * LOW HITPOINT WARNING * * *
HP[-5]
You take 5 damage, and now have 4/23 hp.
MASSIVE DAMAGE!! (PAUSE)
You barely miss the shadow imp. Your grab misses the shadow imp.
The shadow imp hits you.
* * * LOW HITPOINT WARNING * * *
HP[-3]
You take 3 damage, and now have 1/23 hp.
You closely miss the shadow imp. You grab the shadow imp.
You constrict the shadow imp, but do no damage.
The shadow imp hits you.
You die...

Skill      XL: |  1  2 |
---------------+-------+-----
Stealth        | 1 |  1.6
Fighting       | |  1.5
Dodging        | |  2.3
Unarmed Combat | |  3.6
Spellcasting   | |  2.0
Transmutations | |  2.4

Action                   || total
-------------------------++-------
Melee: Unarmed           ||    45
       Constrict         ||    17
       Tentacles         ||    15
       Kick              ||     6
       Short sword       ||    14
       Punch             ||     1
 Cast: Beastly Appendage ||    12
 Stab: Sleeping          ||     9
Armor: Skin              ||     3
Dodge: Dodged            ||    28

Levels and vault maps discovered:
D:1:      co_arrival_random_square_maze, layout_loops_corners,
          hellmonk_ecumenical_altar_lost_god, minmay_split_cup_small
D:2:      layout_rooms, st_stairs_7
D:3:      layout_loops_corners, cheibrodos_sewer_entry_bend, uniq_natasha

Notes
Turn   | Place    | Note
-------+----------+-------------------------------------------
     0 | D:1      | zeratav the Octopode Transmuter began the quest for the
                  | Orb.
     0 | D:1      | Reached XP level 1. HP: 13/13 MP: 3/3
     0 | D:1      | magus.rc [v1.9.6]
    82 | D:1      | You pick up a book of Party Tricks and begin reading...
    82 | D:1      | You add the spells Apportation and Alistair's Intoxication
                  | to your library.
   341 | D:1      | Reached XP level 2. HP: 18/18 MP: 3/5
   376 | D:1      | Reached skill level 1 in Stealth
   769 | D:1      | Reached XP level 3. HP: 23/23 MP: 4/6
  1003 | D:1      | Found a faded altar of an unknown god.
  1955 | D:3      | Noticed a black bear
  1961 | D:3      | HP: 4/23 [shadow imp (6)]
  1962 | D:3      | HP: 1/23 [shadow imp (3)]
  1963 | D:3      | Slain by a shadow imp

Vanquished Creatures
  A gnoll (D:1)
  A worm (D:2)
  6 ball pythons
  2 endoplasms
  5 goblins
  5 hobgoblins
  2 jackals (D:1)
  4 kobolds (D:1)
  A bat (D:1)
  3 frilled lizards
  2 rats (D:1)
32 creatures vanquished.

Table legend:
 A = Non-vault XP
 B = Vault XP
 C = Vault XP percentage of total XP
 D = Non-vault monster count
 E = Vault monster count
 F = Vault count percentage of total count
                 A         B        C        D         E       F
            +---------+---------+-------+---------+---------+-------
      Total |      52 |      19 |  26.8 |      28 |       4 |  12.5
            +---------+---------+-------+---------+---------+-------
        D:1 |      38 |      18 |  32.1 |      22 |       3 |  12.0
        D:2 |      14 |       1 |   6.7 |       6 |       1 |  14.3
            +---------+---------+-------+---------+---------+-------

Illustrated notes

Table legend:
 A = Kills in this place as a percentage of kills in entire the game.
 B = Kills by you in this place as a percentage of kills by you in the entire game.
 C = Kills by friends in this place as a percentage of kills by friends in the entire game.
 D = Other kills in this place as a percentage of other kills in the entire game.
 E = Experience gained in this place as a percentage of experience gained in the entire game.
 F = Experience gained in this place divided by the number of levels of this place that you have seen.
                   A       B       C       D       E      F
               +-------+-------+-------+-------+-------+----------------------
         Total | 100.0 | 100.0 |   N/A |   N/A | 100.0 |  23.7
       Dungeon | 100.0 | 100.0 |   N/A |   N/A | 100.0 |  23.7
               +-------+-------+-------+-------+-------+----------------------

Table legend: (Time is in decaauts)
 A = Elapsed time spent in this place.
 B = Non-inter-level travel time spent in this place.
 C = Inter-level travel time spent in this place.
 D = Time resting spent in this place.
 E = Time spent auto-exploring this place.
 F = Levels seen in this place.
 G = Mean time per level.
                   A        B        C        D        E       F      G
               +--------+--------+--------+--------+--------+-----+--------+
         Total |   1960 |   1902 |     58 |     62 |   1386 |   3 |  653.3 |
       Dungeon |   1960 |   1902 |     58 |     62 |   1386 |   3 |  653.3 |
               +--------+--------+--------+--------+--------+-----+--------+

Top non-repeatable levels by time:
     D:1: 1515 daAuts
     D:2: 399 daAuts
     D:3: 45 daAuts
